 Dungeon Crawl Stone Soup version 0.25-a0-420-g1cc7eeb0d1 (webtiles) character file.

Game seed: 11635304535440257116, levelgen mode: deterministic

18 BeastOfSaturn the Insei (level 2, -7/21 HPs)
             Began as a Demonspawn Transmuter on Jan 18, 2020.
             Mangled by a gnoll
             ... wielding a cursed +0 halberd
              (10 damage)
             ... on level 1 of the Dungeon.
             The game lasted 00:02:56 (683 turns).

BeastOfSaturn the Insei (Demonspawn Transmuter)      Turns: 683, Time: 00:02:56

Health: -7/21      AC:  2    Str: 10    XL:     2   Next: 51%
Magic:  4/5        EV: 12    Int: 14    God:
Gold:   48         SH:  0    Dex: 13    Spells: 4/5 levels left

rFire    . . .     SeeInvis .     - Unarmed
rCold    + . .     Gourm    .   (no shield)
rNeg     . . .     Faith    .   b - +0 robe
rPois    .         Spirit   .   (no helmet)
rElec    .         Reflect  .   (no cloak)
rCorr    .         Harm     .   (no gloves)
MR       .....                  (boots currently unavailable)
Stlth    +.........             (no amulet)
HPRegen  0.07/turn              (no ring)
MPRegen  0.09/turn              (no ring)

@: appendage (expiring)
A: talons 3, cold resistance 1
a: End Transformation


You were on level 1 of the Dungeon.
You were not hungry.
You had grown temporary talons.
You visited 1 branch of the dungeon, and saw 1 of its levels.

You collected 48 gold pieces.

Inventory:

Missiles
 a - 21 arrows
Armour
 b - a +0 robe (worn)
Scrolls
 e - 2 scrolls of identify {unknown}
 f - 3 scrolls of blinking {unknown}
Potions
 c - a potion of invisibility {unknown}
 g - 2 potions of degeneration {unknown}
Comestibles
 d - a ration


   Skills:
 + Level 1.0 Fighting
 + Level 1.8 Dodging
 * Level 3.3 Unarmed Combat
 + Level 2.1 Spellcasting
 + Level 1.9 Transmutations


You had 4 spell levels left.
You knew the following spells:

 Your Spells              Type           Power        Failure   Level  Hunger
a - Beastly Appendage     Tmut           #.....       11%         1    #......

Your spell library contained the following spells:

 Spells                   Type           Power        Failure   Level  Hunger
 Sticks to Snakes         Tmut           #.......     16%         2    ###....
 Spider Form              Tmut/Pois      #.........   43%         3    ###....
 Ice Form                 Ice/Tmut       #.......     83%         4    #####..
 Blade Hands              Tmut           #.........   96%         5    ######.


Dungeon Overview and Level Annotations

Branches:
Dungeon (1/15)

Altars:


Innate Abilities, Weirdness & Mutations

Your flesh is cold resistant. (rC+)
You have claws for feet.


Message History

A gnoll comes into view. It is wielding a +0 halberd.
Casting: Beastly Appendage (safe; 11% risk of failure)
Confirm with . or Enter, or press ? or * to list all spells.
Your feet morph into talons.
The gnoll barely misses you.
The gnoll hits you with a cursed +0 halberd.
You hit the gnoll. You claw the gnoll.
The gnoll is severely wounded.
The gnoll hits you with a cursed +0 halberd!
You hit the gnoll but do no damage.
The gnoll is severely wounded.
Your transformation is almost over.
You closely miss the gnoll. You claw the gnoll.
The gnoll is almost dead.
The gnoll hits you with a cursed +0 halberd.
* * * LOW HITPOINT WARNING * * *
You barely miss the gnoll. Your kick misses the gnoll.
The gnoll is almost dead.
The gnoll hits you with a cursed +0 halberd!
You die...

#.# #.### #.######
#.#.### #.##...#
#.#...#####
#.##...###.#.#......
#####.##...#P≈≈#.######≈
#.....##...#≈≈P....###P.
#.######...#≈≈≈≈.#.##.≈≈
#.# #...#.##P♣≈....##≈P≈
#######.#
#.#@#.##PP≈...)..P≈♣
#.......# #
#g#.#(P≈≈.P....P≈≈
#.#######
#.#..[PP≈≈.≈≈.P≈≈P #.#
#.#.#.PP≈♣PPPPP≈♣. #.#
#.#.#.(≈♣♣≈PPPP♣PP
##.#####
#.#.#..P≈≈≈♣P♣♣≈≈P
#......#
#.#.#.#≈.≈≈≈♣w≈≈..
#......#
#.#....#PP♣≈♣♣≈≈P.
#......#
######.P≈≈♣♣≈...


You could see a gnoll.

Vanquished Creatures
  3 giant cockroaches (D:1)
  3 goblins (D:1)
  4 hobgoblins (D:1)
  3 bats (D:1)
  A frilled lizard (D:1)
  2 kobolds (D:1)
  A rat (D:1)
17 creatures vanquished.

Notes
Turn   | Place    | Note
-------+----------+-------------------------------------------
     0 | D:1      | BeastOfSaturn the Demonspawn Transmuter began the quest for
                  | the Orb.
     0 | D:1      | Reached XP level 1. HP: 15/15 MP: 3/3
   300 | D:1      | Reached skill level 3 in Unarmed Combat
   335 | D:1      | Gained mutation: Your flesh is cold resistant. (rC+)
                  | [demonic ancestry]
   335 | D:1      | Reached XP level 2. HP: 21/21 MP: 3/5
   683 | D:1      | Mangled by a gnoll

Levels and vault maps discovered:
D:1:      minmay_arrival_jagged, layout_basic, serial_bayou_lagoon_a

Skill      XL: |  1 |
---------------+----+-----
Unarmed Combat | 3 |  3.3
Fighting       | |  1.0
Dodging        | |  1.8
Spellcasting   | |  2.1
Transmutations | |  1.9

Action                   || total
-------------------------++-------
Melee: Unarmed           ||    52
       Headbutt          ||     3
       Kick              ||     6
 Cast: Beastly Appendage ||    11
Armor: Robe              ||     5
Dodge: Dodged            ||    23

Table legend:
 A = Non-vault XP
 B = Vault XP
 C = Vault XP percentage of total XP
 D = Non-vault monster count
 E = Vault monster count
 F = Vault count percentage of total count
                 A         B        C        D         E       F
            +---------+---------+-------+---------+---------+-------
      Total |      27 |       0 |   0.0 |      17 |       0 |   0.0
            +---------+---------+-------+---------+---------+-------
        D:1 |      27 |       0 |   0.0 |      17 |       0 |   0.0
            +---------+---------+-------+---------+---------+-------
